 Dungeon Crawl Stone Soup version 0.30-a0-718-geaa24f58ff (webtiles) character file.

Game seed: 6096881142252085104

17 mandoloar the Shooter (level 2, 18/18 HPs)
             Began as a Kobold Hunter on Jan 26, 2023.
             Quit the game on level 1 of the Dungeon.
             The game lasted 00:01:26 (369 turns).

mandoloar the Shooter (Kobold Hunter)                Turns: 369, Time: 00:01:26

Health: 18/18      AC:  3    Str:  8    XL:     2   Next: 80%
Magic:  2/2        EV: 14    Int: 10    God:
Gold:   22         SH:  0    Dex: 18    Spells: 1/1 levels left

rFire   . . .      SeeInvis .    a - +0 shortbow
rCold   . . .      Faith    .    (shield currently unavailable)
rNeg    . . .      Spirit   .    c - +0 leather armour
rPois   .          Reflect  .    (no helmet)
rElec   .          Harm     .    (no cloak)
rCorr   .          Rampage  .    (no gloves)
Will    .....                    (no boots)
Stlth   +++                      (no amulet)
HPRegen 0.23/turn                (no ring)
MPRegen 0.08/turn                (no ring)

@: no status effects
A: small, no large weapons, nightstalker 3
a: no special abilities


You were on level 1 of the Dungeon.
You visited 1 branch of the dungeon, and saw 1 of its levels.

You collected 22 gold pieces.

Inventory:

Hand Weapons
 a - a +0 shortbow (weapon)
 b - a +1 short sword of speed
Armour
 c - a +0 leather armour (worn)
Scrolls
 e - a scroll of immolation
 f - a scroll of identify {unknown}
 g - a scroll of brand weapon {unknown}
Potions
 d - 3 potions of curing {unknown}
 h - a potion of attraction {unknown}


   Skills:
 + Level 2.8 Fighting
 + Level 5.7 Ranged Weapons
 - Level 2.5 Dodging
 - Level 1.5 Stealth


You had one spell level left.
You didn't know any spells.
Your spell library was empty.

Dungeon Overview and Level Annotations

Branches:
Dungeon (1/15)

Altars:


Innate Abilities, Weirdness & Mutations

You are small and have problems with some larger weapons.
You are completely attuned to the shadows.


Message History

The kobold is moderately wounded.
The kobold barely misses you. The kobold attacks as you move away!
The kobold hits you with a +0 whip.
You shoot an arrow. The arrow barely misses the kobold.
The kobold closely misses you. The kobold hits you but does no damage.
You shoot an arrow. The arrow hits the kobold.
You kill the kobold!
HP restored.
An endoplasm comes into view.
You shoot an arrow. The arrow hits the endoplasm.
The endoplasm quivers.
The endoplasm is severely wounded.
You hear an angry hiss.
You shoot an arrow. The arrow hits the endoplasm!
You kill the endoplasm!
A frilled lizard comes into view.
A frilled lizard is nearby!
You shoot an arrow.
The arrow barely misses the frilled lizard.
You shoot an arrow.
The arrow closely misses the frilled lizard.
The frilled lizard attacks as you move away!
The frilled lizard closely misses you.
You shoot an arrow. The arrow misses the frilled lizard.
The frilled lizard barely misses you.
You shoot an arrow. The arrow hits the frilled lizard.
You kill the frilled lizard!
g - a scroll labelled ADGHAZXOZAC
h - a smoky blue potion
Things that are here:
a +0 whip; a kobold corpse An endoplasm comes into view.
You shoot an arrow. The arrow hits the endoplasm.
The endoplasm quivers.
The endoplasm is severely wounded.
An endoplasm is nearby!
You shoot an arrow. The arrow hits the endoplasm.
You kill the endoplasm!
No target in view!
Are you sure you want to abandon this character and quit the game? (Confirm with "yes".)

##...........##.##.##.
#.###.......##.>##.......
........###.##.)#####.#..
#.###.#.###.....#####.#..
....................†.#..
.#.#.#.#.##..#.########..
.............#.# #..
.#.#.#.#...#.#.# #..
........@#.# #.########..
.#.#.#.# #.#.........
...... # #...........
.#.#.#. ###.........
.....#.# ########.. ...


There were no monsters in sight!

Vanquished Creatures
  3 bats (D:1)
  4 endoplasms (D:1)
  A giant cockroach (D:1)
  A hobgoblin (D:1)
  3 jackals (D:1)
  A frilled lizard (D:1)
  A kobold (D:1)
14 creatures vanquished.

Notes
Turn   | Place    | Note
-------+----------+-------------------------------------------
     0 | D:1      | mandoloar the Kobold Hunter began the quest for the Orb.
     0 | D:1      | Reached XP level 1. HP: 12/12 MP: 1/1
   148 | D:1      | Reached XP level 2. HP: 18/18 MP: 2/2
   369 | D:1      | Quit the game

Illustrated notes

Levels and vault maps discovered:
D:1:      ebering_trefoil_twist, layout_loops_cross, serial_glass,
          glass_columns_c, glass_columns_c

Action                     || total
---------------------------++-------
  Melee: Short sword       ||     4
   Fire: Shortbow          ||    25
   Stab: Distracted        ||     1
 Armour: Leather armour    ||     3
  Dodge: Dodged            ||    11

Table legend: (Time is in decaauts)
 A = Elapsed time spent in this place.
 B = Non-inter-level travel time spent in this place.
 C = Inter-level travel time spent in this place.
 D = Time resting spent in this place.
 E = Time spent auto-exploring this place.
 F = Levels seen in this place.
 G = Mean time per level.
                   A        B        C        D        E       F      G
               +--------+--------+--------+--------+--------+-----+--------+
         Total |    372 |    372 |      0 |      0 |    301 |   1 |  372.0 |
       Dungeon |    372 |    372 |      0 |      0 |    301 |   1 |  372.0 |
               +--------+--------+--------+--------+--------+-----+--------+

Top non-repeatable levels by time:
     D:1: 372 daAuts
